 Dungeon Crawl Stone Soup version 0.21.1-1-g345015fe64 (webtiles) character file.

109 Evaline the Gusty (level 4, -4/24 HPs)
             Began as a Tengu Air Elementalist on June 25, 2018.
             Killed from afar by an orc wizard (8 damage)
             ... with a magic dart
             ... on level 3 of the Dungeon.
             The game lasted 00:10:22 (1411 turns).

Evaline the Gusty (Tengu Air Elementalist)          Turns: 1411, Time: 00:10:23

Health: -4/24      AC:  2    Str:  8    XL:     4   Next: 89%
Magic:  0/8        EV: 12    Int: 16    God:
Gold:   59         SH:  4    Dex: 15    Spells: 4/7 levels left

rFire    . . .     SeeInvis .   a - +0 long sword
rCold    . . .     Gourm    .   d - +0 buckler
rNeg     . . .     Faith    .   q - +0 robe
rPois    .         Spirit   .   (helmet restricted)
rElec    .         Reflect  .   (no cloak)
rCorr    .         Harm     .   (no gloves)
MR       .....                  (boots unavailable)
Stlth    ++........             (no amulet)
HPRegen  0.08/turn              (no ring)
MPRegen  0.11/turn              (no ring)

@: no status effects
A: beak, talons 3
a: no special abilities


You were on level 3 of the Dungeon.
You were very hungry.

You visited 1 branch of the dungeon, and saw 3 of its levels.

You collected 59 gold pieces.

Inventory:

Hand Weapons
 a - a +0 long sword (weapon)
 b - a +0 hunting sling
 e - a +0 short sword
 h - a +0 whip
Missiles
 f - 101 stones
 i - 26 sling bullets
 j - 6 tomahawks (quivered)
Armour
 d - a +0 buckler (worn)
 q - a +0 robe (worn)
 s - a +0 leather armour
Jewellery
 p - an uncursed ring of magical power {unknown}
Wands
 r - a wand of flame (37)
Scrolls
 l - 5 scrolls of identify {unknown}
 n - a scroll of magic mapping {unknown}
 o - a scroll of fog {unknown}
 u - a scroll of teleportation {unknown}
Potions
 k - 2 potions of resistance {unknown}
 m - a potion of heal wounds {unknown}
Books
 g - a book of Air

   Spells                             Type                      Level
   a - Shock                          Conjuration/Air              1
   b - Swiftness                      Charms/Air                   2
   c - Static Discharge               Conjuration/Air              3
   d - Airstrike                      Air                          4
   e - Lightning Bolt                 Conjuration/Air              5
Comestibles
 c - 7 rations
 t - 6 chunks of flesh


   Skills:
 + Level 0.5 Fighting
 * Level 1.2 Long Blades
 + Level 2.3 Dodging
 + Level 2.3 Stealth
 * Level 0.6 Shields
 + Level 2.3 Spellcasting
 + Level 2.2 Conjurations
 * Level 5.7 Air Magic


You had 4 spell levels left.
You knew the following spells:

 Your Spells              Type           Power        Failure   Level  Hunger
a - Shock                 Conj/Air       ##..         6%          1    #......
b - Swiftness             Chrm/Air       ##......     14%         2    ###....


Dungeon Overview and Level Annotations

Branches:
Dungeon (3/15)

Altars:


Innate Abilities, Weirdness & Mutations

You have a beak for a mouth.
You have claws for feet.


Message History

The zap hits the orc wizard.
The orc wizard is almost dead.
The zap hits the orc.
The orc is moderately wounded.
The orc wizard hits you with a dagger.
The orc hits you from afar with a trident.
Unknown command.
Casting: Shock
Confirm with . or Enter, or press ? or * to list all spells.
Aiming: Shock
Press: ? - help, Shift-Dir - straight line The zap misses the orc wizard. x2; The zap hits the orc.
The orc is almost dead.
The orc wizard points at you and mumbles some strange words.
The magic dart hits you!
* * * LOW HITPOINT WARNING * * *
The orc closely misses you.
The orc wizard points at you and mumbles some strange words.
The magic dart hits you!
You die...

##..# #.)# ##.##
#..# #..# #.o##
##)o# ######(.# #
#....@.>#
#..##.######.#######
..................#
#..##.###.##.######
.. #.##.# #.# #.##.#
# #.##.# #.##.#
#.##.#


You could see an orc wizard and an orc.

Vanquished Creatures
  An orc priest (D:3)
  3 adders
  2 dart slugs (D:1)
  2 leopard geckos (D:1)
  2 orcs (D:3)
  4 bats
  A giant cockroach (D:1)
  8 goblins
  5 hobgoblins (D:1)
  2 frilled lizards
  6 kobolds
  8 rats
44 creatures vanquished.

Notes
Turn   | Place    | Note
-------+----------+-------------------------------------------
     0 | D:1      | Evaline the Tengu Air Elementalist began the quest for the Orb.
     0 | D:1      | Reached XP level 1. HP: 10/10 MP: 4/4
    92 | D:1      | Reached XP level 2. HP: 15/15 MP: 0/6
   422 | D:1      | Reached skill level 5 in Air Magic
   422 | D:1      | Reached XP level 3. HP: 20/20 MP: 7/7
   625 | D:1      | Learned a level 2 spell: Swiftness
  1168 | D:3      | Reached XP level 4. HP: 12/24 MP: 2/8
  1401 | D:3      | Reached skill level 1 in Long Blades
  1411 | D:3      | Killed from afar by an orc wizard

Skill      XL: |  1  2  3  4 |
---------------+-------------+-----
Air Magic      | 5 |  5.7
Conjurations   | 2 |  2.2
Long Blades    | 1 |  1.2
Fighting       | |  0.5
Dodging        | |  2.3
Stealth        | |  2.3
Shields        | |  0.6
Spellcasting   | |  2.3

Action                   |  1- 3 |  4- 6 || total
-------------------------+-------+-------++-------
Melee: Short sword       |    24 |       ||    24
       Kick              |     8 |     1 ||     9
       Peck              |     4 |     1 ||     5
       Long sword        |    13 |     4 ||    17
Throw: Stone             |     1 |       ||     1
       Tomahawk          |       |     1 ||     1
 Cast: Shock             |    30 |    18 ||    48
 Stab: Sleeping          |     4 |       ||     4
  Eat: Chunk             |       |     1 ||     1
Armor: Robe              |     5 |     1 ||     6
Dodge: Dodged            |    22 |     3 ||    25
Block: Buckler           |     1 |     3 ||     4
       Rpst.: Long sword |     2 |     1 ||     3
